 Dungeon Crawl Stone Soup version 0.31-a0-263-ge8cad7f256 (webtiles) character file.

Game seed: 16499843892831595275

2655 qw the Skirmisher (level 9, -4/79 HPs)
             Began as a Minotaur Hexslinger on July 13, 2023.
             Was a Follower of Okawaru.
             Slain by a centaur warrior zombie (5 damage)
             ... on level 8 of the Dungeon.
             The game lasted 00:03:01 (7483 turns).

qw the Skirmisher (Minotaur Hexslinger)             Turns: 7483, Time: 00:03:02

Health: -4/79      AC:  9    Str: 18    XL:     9   Next: 36%
Magic:  9/11       EV: 17    Int: 10    God:    Okawaru [*.....]
Gold:   281        SH:  0    Dex: 18    Spells: 9/10 levels left

rFire   . . .        Y - +0 shortbow
rCold   . . .        (shield currently unavailable)
rNeg    . . .        b - +3 leather armour
rPois   .            (helmet restricted)
rElec   .            (no cloak)
rCorr   .            h - +0 pair of gloves
SInv    .            e - +0 pair of boots
Will    .....        (no amulet)
Stlth   +++          f - +6 ring of strength
HPRegen 0.33/turn    (no ring)
MPRegen 0.12/turn

%: no passive effects
@: about to teleport, heroic
A: horns 2, retaliatory headbutt
a: Renounce Religion, Heroism


You were on level 8 of the Dungeon.
You worshipped Okawaru.
Okawaru was aware of your devotion.
You visited 1 branch of the dungeon, and saw 8 of its levels.

You collected 281 gold pieces.


Innate Abilities, Weirdness & Mutations

You have a pair of horns on your head.
You reflexively headbutt those who attack you in melee.


   Skills:
 - Level 7.6(12.6) Fighting
 + Level 10.7(15.7) Ranged Weapons
 - Level 2.0(7.0) Armour
 - Level 4.1(9.1) Dodging
 - Level 1.0 Spellcasting
 - Level 2.0 Hexes
 - Level 4.0 Invocations


You had 9 spell levels left.
You knew the following spells:

 Your Spells              Type           Power      Damage    Failure   Level
a - Slow                  Hex            16%        N/A       17%         1

Your spell library contained the following spells:

 Spells                   Type           Power      Damage    Failure   Level
 Inner Flame              Hex/Fire       2%         N/A       61%         3
 Portal Projectile        Hex/Tloc       4%         N/A       61%         3
 Cause Fear               Hex            2%         N/A       86%         4

Inventory:

Hand Weapons
 Y - a +0 shortbow (weapon)
Armour
 b - a +3 leather armour (worn)
 e - a +0 pair of boots (worn)
 h - a +0 pair of gloves (worn)
Jewellery
 f - a +6 ring of strength (left hand)
Scrolls
 a - a scroll of identify
 i - 2 scrolls of teleportation
Potions
 c - a potion of haste
 d - a potion of heal wounds

Dungeon Overview and Level Annotations

Branches:
Dungeon (8/15)             Temple (0/1) D:5
   Lair: D:8-11

Altars:
Ashenzari
Gozag
Okawaru
Ru
Trog
Xom
Yredelemnul

Shops:
D:7 (


Message History

You kill the shadow imp!
Okawaru accepts your kill.
The wolf spider zombie barely misses you.
The wolf spider zombie closely misses you.
The centaur warrior zombie hits you but does no damage.
The centaur warrior zombie kicks you but does no damage.
You shoot an arrow. The arrow hits the shadow imp.
You kill the shadow imp!
Okawaru accepts your kill.
The wolf spider zombie completely misses you.
The wolf spider zombie barely misses you.
The kobold hits you but does no damage. The hellwing hits you.
The hellwing closely misses you. The centaur warrior zombie hits you.
The centaur warrior zombie completely misses you.
The centaur warrior zombie misses you. The centaur warrior zombie kicks you.
You shoot an arrow.
The arrow hits the centaur warrior zombie.
The centaur warrior zombie is severely damaged.
The wolf spider zombie closely misses you. x2
The centaur warrior zombie hits you but does no damage.
The centaur warrior zombie kicks you but does no damage.
You shoot an arrow.
The arrow barely misses the centaur warrior zombie.
The centaur warrior zombie hits you but does no damage.
The centaur warrior zombie misses you. The kobold hits you but does no damage.
The hellwing closely misses you. The hellwing hits you!
The wolf spider zombie hits you! The wolf spider zombie misses you.
The centaur warrior zombie misses you.
The centaur warrior zombie closely misses you.
7483 ||| READING 3 scrolls of teleportation.
As you read the scroll of teleportation, it crumbles to dust.
You feel strangely unstable. The centaur warrior zombie misses you.
The centaur warrior zombie kicks you but does no damage.
The kobold hits you but does no damage. The hellwing completely misses you.
The hellwing hits you but does no damage.
The wolf spider zombie hits you.
The wolf spider zombie completely misses you.
The centaur warrior zombie hits you.
You die...

##.....#.#...
#...?..#......
............>
.#)......... #
##..)........
...#...(........
......4ZK.......
.......@Z.......
......##Z.......
.#....#.........
##....<........
##............
#.....###....
#......# .#..
###.#..# # #
####..


You could see a hellwing, a wolf spider zombie, 2 centaur warrior zombies and a
kobold.

Vanquished Creatures
  Prince Ribbit (D:7)
  Menkaure (D:5)
  5 water moccasins
  A sky beast (D:7)
  An ice beast (D:6)
  A black bear (D:7)
  2 centaurs (D:4)
  An ogre (D:5)
  A kobold brigand (D:8)
  2 bullfrogs
  5 scorpions
  A howler monkey (D:5)
  An electric eel (D:7)
  4 hounds
  An orc priest (D:7)
  A gnoll bouda (D:7)
  2 jellies
  An iguana (D:6)
  4 orc wizards
  Robin (D:3)
  8 gnolls
  13 adders
  3 shadow imps
  4 white imps
  A worm (D:2)
  3 dart slugs
  16 orcs
  4 endoplasms
  4 giant cockroaches
  21 goblins
  12 hobgoblins
  4 quokkas
  9 ball pythons
  4 bats
  2 frilled lizards (D:2)
  9 kobolds
  8 rats
  A spectral orc (D:6)
163 creatures vanquished.

Notes
Turn   | Place    | Note
-------+----------+-------------------------------------------
     0 | D:1      | qw the Minotaur Hexslinger began the quest for the Orb.
     0 | D:1      | Reached XP level 1. HP: 16/16 MP: 1/1
     0 | D:1      | 0 ||| qw: Version: 0.3-a-52-g30416fa
     0 | D:1      | 0 ||| qw: Game counter: 7239
     0 | D:1      | 0 ||| qw: Melee chars always use a shield: true
     0 | D:1      | 0 ||| qw: God list: Okawaru
     0 | D:1      | 0 ||| qw: Allow faded altars: false
     0 | D:1      | 0 ||| qw: Do Orc after clearing Dungeon:15 true
     0 | D:1      | 0 ||| qw: Do second Lair branch before Depths: true
     0 | D:1      | 0 ||| qw: Lair rune preference: random
     0 | D:1      | 0 ||| qw: Goals: Normal
     0 | D:1      | 0 ||| PLANNING D:1-11
   269 | D:1      | Reached skill level 3 in Ranged Weapons
   271 | D:1      | Reached XP level 2. HP: 16/23 MP: 2/2
   705 | D:1      | 705 ||| UPGRADING to +0 ring mail.
   715 | D:1      | 715 ||| DROPPING +0 robe.
   716 | D:1      | 716 ||| UPGRADING to +0 pair of boots.
   721 | D:1      | 721 ||| DROPPING scroll of poison.
   726 | D:2      | Found an opulent altar of Gozag.
   752 | D:2      | Reached XP level 3. HP: 23/29 MP: 3/3
   900 | D:2      | Reached skill level 4 in Ranged Weapons
   953 | D:2      | Found a faded altar of an unknown god.
  1224 | D:2      | Reached skill level 1 in Armour
  1259 | D:2      | 1259 ||| UPGRADING to +0 pair of gloves.
  1264 | D:2      | 1264 ||| READING scroll labelled WAWIRIMAUTT.
  1265 | D:2      | 1265 ||| READING scroll labelled PUFFOG ROOTEA.
  1266 | D:2      | 1266 ||| DRINKING 2 lumpy yellow potions.
  1284 | D:3      | 1284 ||| STAIRDANCE
  1289 | D:2      | Reached XP level 4. HP: 23/36 MP: 4/4
  1621 | D:3      | Noticed Robin
  1622 | D:3      | Reached skill level 5 in Ranged Weapons
  1622 | D:3      | 1622 ||| Stepping ~*~*~tactically~*~*~ (outnumbered).
  1624 | D:3      | 1624 ||| Stepping ~*~*~tactically~*~*~ (outnumbered).
  1627 | D:3      | 1627 ||| Stepping ~*~*~tactically~*~*~ (outnumbered).
  1642 | D:3      | 1642 ||| FLEEEEING.
  1643 | D:3      | 1643 ||| FLEEEEING.
  1644 | D:3      | 1644 ||| FLEEEEING.
  1645 | D:3      | 1645 ||| FLEEEEING.
  1646 | D:3      | 1646 ||| FLEEEEING.
  1647 | D:3      | 1647 ||| FLEEEEING.
  1648 | D:3      | 1648 ||| FLEEEEING.
  1649 | D:3      | 1649 ||| FLEEEEING.
  1650 | D:3      | 1650 ||| FLEEEEING.
  1651 | D:3      | 1651 ||| FLEEEEING.
  1652 | D:3      | 1652 ||| FLEEEEING.
  1653 | D:3      | 1653 ||| FLEEEEING.
  1654 | D:3      | 1654 ||| FLEEEEING.
  1655 | D:3      | 1655 ||| FLEEEEING.
  1656 | D:3      | 1656 ||| FLEEEEING.
  1657 | D:3      | 1657 ||| FLEEEEING.
  1658 | D:3      | 1658 ||| FLEEEEING.
  1659 | D:3      | 1659 ||| FLEEEEING.
  1660 | D:3      | 1660 ||| FLEEEEING.
  1661 | D:3      | 1661 ||| FLEEEEING.
  1662 | D:3      | 1662 ||| FLEEEEING.
  1663 | D:3      | 1663 ||| FLEEEEING.
  1664 | D:3      | 1664 ||| FLEEEEING.
  1665 | D:3      | 1665 ||| FLEEEEING.
  1666 | D:3      | 1666 ||| FLEEEEING.
  1667 | D:3      | 1667 ||| FLEEEEING.
  1668 | D:3      | 1668 ||| FLEEEEING.
  1669 | D:3      | 1669 ||| FLEEEEING.
  1670 | D:3      | 1670 ||| FLEEEEING.
  1671 | D:3      | 1671 ||| FLEEEEING.
  1672 | D:3      | 1672 ||| FLEEEEING.
  1673 | D:3      | 1673 ||| FLEEEEING.
  1674 | D:3      | 1674 ||| STAIRDANCE
  1689 | D:2      | 1689 ||| READING scroll labelled ZEHITZ JUENT.
  1692 | D:3      | 1692 ||| STAIRDANCE
  1739 | D:3      | Killed Robin
  1740 | D:3      | Reached skill level 3 in Fighting
  1740 | D:3      | Reached XP level 5. HP: 44/45 MP: 5/5
  2088 | D:3      | HP: 9/45 [gnoll/+0 spear (7)]
  2497 | D:3      | 2497 ||| UPGRADING to +3 leather armour.
  2507 | D:3      | 2507 ||| DROPPING +0 ring mail.
  2508 | D:3      | 2508 ||| READING scroll labelled QAAXTO YMMINT.
  2511 | D:3      | 2511 ||| DRINKING 2 brown potions.
  2544 | D:4      | Reached skill level 6 in Ranged Weapons
  2566 | D:4      | Found a bloodstained altar of Trog.
  2567 | D:4      | Found an iron altar of Okawaru.
  2568 | D:4      | 2568 ||| PLANNING OKAWARU WORSHIP
  2568 | D:4      | 2568 ||| READING scroll labelled HUDUZI BAXTIRPH.
  2597 | D:4      | 2597 ||| READING 2 scrolls of identify.
  2597 | D:4      | 2597 ||| IDENTIFYING viscous puce potion
  2598 | D:4      | 2598 ||| DROPPING potion of degeneration.
  2605 | D:4      | Became a worshipper of Warmaster Okawaru
  2606 | D:4      | 2606 ||| PLANNING D:1-11
  2644 | D:4      | 2644 ||| DRINKING potion of curing.
  2644 | D:4      | 2644 ||| (to cure confusion)
  2657 | D:4      | 2657 ||| FLEEEEING.
  2658 | D:4      | 2658 ||| FLEEEEING.
  2664 | D:4      | Reached XP level 6. HP: 26/52 MP: 6/6
  2671 | D:4      | HP: 6/52 [something/puff of flame (8)]
  2907 | D:4      | 2907 ||| Stepping ~*~*~tactically~*~*~ (outnumbered).
  2909 | D:4      | 2909 ||| Stepping ~*~*~tactically~*~*~ (outnumbered).
  2923 | D:4      | Reached skill level 7 in Ranged Weapons
  3044 | D:4      | 3044 ||| SWAPPING to +0 shortbow.
  3045 | D:4      | 3045 ||| DROPPING +1 sling.
  3054 | D:4      | Reached * piety under Okawaru
  3294 | D:4      | Reached XP level 7. HP: 59/59 MP: 7/7
  3326 | D:4      | Found a sacrificial altar of Ru.
  3327 | D:4      | 3327 ||| UPGRADING to +6 ring of strength.
  3328 | D:4      | 3328 ||| READING 3 scrolls of identify.
  3328 | D:4      | 3328 ||| IDENTIFYING silvery potion
  3329 | D:4      | 3329 ||| READING 2 scrolls of identify.
  3329 | D:4      | 3329 ||| IDENTIFYING yellow potion
  3330 | D:4      | 3330 ||| DROPPING potion of brilliance.
  3336 | D:5      | Entered Level 5 of the Dungeon
  3374 | D:5      | Reached skill level 1 in Invocations
  3723 | D:5      | Found a staircase to the Ecumenical Temple.
  3853 | D:5      | 3853 ||| INVOKING Heroism.
  3859 | D:5      | Reached skill level 8 in Ranged Weapons
  3859 | D:5      | Reached skill level 3 in Invocations
  4195 | D:5      | Found a broken altar of Ashenzari.
  4199 | D:5      | Saw a vision of the Shoals and the Snake Pit.
  4199 | D:5      | Noticed a salamander
  4199 | D:5      | Noticed a naga warrior
  4199 | D:5      | Noticed a water elemental
  4199 | D:5      | Noticed a snapping turtle
  4199 | D:5      | Noticed a merfolk impaler
  4199 | D:5      | Noticed a skyshark
  4199 | D:5      | Noticed a snapping turtle
  4199 | D:5      | Noticed a merfolk
  4199 | D:5      | Noticed a manticore
  4199 | D:5      | Noticed a sea snake
  4199 | D:5      | Noticed a manticore
  4199 | D:5      | Noticed a mana viper
  4200 | D:5      | Noticed a black mamba
  4201 | D:5      | Noticed a merfolk siren
  4202 | D:5      | Noticed a naga sharpshooter
  4276 | D:5      | Noticed Menkaure
  4277 | D:5      | 4277 ||| INVOKING Heroism.
  4281 | D:5      | Killed Menkaure
  4288 | D:5      | Reached XP level 8. HP: 39/68 MP: 7/10
  4438 | D:5      | 4438 ||| READING scroll labelled REBLUSTIZA.
  4544 | D:5      | 4544 ||| READING scroll labelled KOZISES YPSEZ.
  4545 | D:5      | 4545 ||| READING scroll labelled AQEGI UCYH VUV.
  4595 | D:6      | Reached skill level 3 in Dodging
  4862 | D:6      | 4862 ||| INVOKING Heroism.
  4865 | D:6      | Reached skill level 9 in Ranged Weapons
  4986 | D:6      | 4986 ||| INVOKING Heroism.
  4990 | D:6      | HP: 17/68 [poisoned by a water moccasin]
  4991 | D:6      | 4991 ||| READING 4 scrolls of teleportation.
  4992 | D:6      | 4992 ||| DRINKING 2 potions of heal wounds.
  4994 | D:6      | 4994 ||| DRINKING potion of heal wounds.
  4997 | D:6      | HP: 17/68 [poisoned by a water moccasin]
  5001 | D:6      | HP: 8/68 [poisoned by a water moccasin]
  5006 | D:6      | HP: 4/68 [poisoned by a water moccasin]
  5340 | D:6      | 5340 ||| INVOKING Heroism.
  5345 | D:6      | Reached skill level 6 in Fighting
  5691 | D:6      | Found a shimmering altar of Xom.
  5979 | D:6      | Found a basalt altar of Yredelemnul.
  6050 | D:6      | 6050 ||| READING 2 scrolls of identify.
  6050 | D:6      | 6050 ||| IDENTIFYING smoky sapphire potion
  6051 | D:6      | 6051 ||| DROPPING potion of berserk rage.
  6157 | D:7      | Reached skill level 10 in Ranged Weapons
  6159 | D:7      | 6159 ||| INVOKING Heroism.
  6166 | D:7      | 6166 ||| FLEEEEING.
  6167 | D:7      | 6167 ||| FLEEEEING.
  6168 | D:7      | 6168 ||| FLEEEEING.
  6169 | D:7      | 6169 ||| FLEEEEING.
  6170 | D:7      | 6170 ||| FLEEEEING.
  6172 | D:7      | 6172 ||| FLEEEEING.
  6173 | D:7      | 6173 ||| FLEEEEING.
  6182 | D:7      | 6182 ||| INVOKING Heroism.
  6442 | D:7      | Found Icowurpho's Antique Weapon Shop.
  6539 | D:7      | 6539 ||| INVOKING Heroism.
  6547 | D:7      | Reached XP level 9. HP: 77/77 MP: 8/11
  6646 | D:7      | 6646 ||| INVOKING Heroism.
  6722 | D:7      | 6722 ||| INVOKING Heroism.
  6804 | D:7      | 6804 ||| Stepping ~*~*~tactically~*~*~ (outnumbered).
  6806 | D:7      | 6806 ||| Stepping ~*~*~tactically~*~*~ (outnumbered).
  6808 | D:7      | 6808 ||| Stepping ~*~*~tactically~*~*~ (outnumbered).
  6840 | D:7      | Noticed Prince Ribbit
  6846 | D:7      | 6846 ||| INVOKING Heroism.
  6862 | D:7      | Killed Prince Ribbit
  6981 | D:7      | 6981 ||| INVOKING Heroism.
  7265 | D:7      | 7265 ||| READING scroll labelled JAM KUREMUGER.
  7466 | D:8      | Noticed a hellwing
  7479 | D:8      | 7479 ||| INVOKING Heroism.
  7482 | D:8      | HP: 15/79 [hellwing (7)]
  7482 | D:8      | HP: 7/79 [wolf spider zombie (8)]
  7483 | D:8      | 7483 ||| READING 3 scrolls of teleportation.
  7483 | D:8      | HP: 1/79 [wolf spider zombie (6)]
  7483 | D:8      | Slain by a centaur warrior zombie

Levels and vault maps discovered:
D:1:      scummos_arrival_forest, layout_loops_ring, hex_medium
D:2:      layout_rooms, shapermc_ecumenical_altar_pompeii, basic_altar,
          ebering_dispersal_statue_hall
D:3:      layout_loops_corners, uniq_robin
D:4:      layout_rooms, lemuel_doored_altar, jmf_multi_god_temple, serial_glass,
          glass_columns_a, glass_columns_a, glass_columns_b,
          minmay_misc_feat_pillars, minmay_manual_mares
D:5:      layout_basic, grunt_ashenzari_visionary
          [grunt_ashenzari_visionary_shoals, grunt_ashenzari_visionary_snake],
          minmay_temple_entry_sparse_star, kennysheep_generic_room_6,
          uniq_menkaure
D:6:      layout_basic, yredelemnul_forgotten_temple_becter, xom_butterflies,
          minmay_fountain_box
D:7:      layout_loops_ring, serial_shops, shop, kennysheep_cross_bottleneck,
          uniq_prince_ribbit1
D:8:      cheibrodos_grave_circle, layout_cave_pools, fiery_altar_vehumet,
          mainiacjoe_overflow_boulevard, uniq_erica

Skill      XL: |  1  2  3  4  5  6  7  8  9 |
---------------+----------------------------+-----
Ranged Weapons | 3 4 5 6 7 8 10 | 10.7
Fighting       | 2 3 4 5 6 7 |  7.6
Armour         | 1 2 |  2.0
Invocations    | 4 |  4.0
Dodging        | 4 |  4.1
Spellcasting   | |  1.0
Hexes          | |  2.0

Action                     |  1- 3 |  4- 6 |  7- 9 || total
---------------------------+-------+-------+-------++-------
   Fire: Sling             |   113 |   217 |       ||   330
         Shortbow          |       |    32 |   329 ||   361
 Invoke: Heroism           |       |       |    13 ||    13
    Use: Scroll            |     2 |     4 |     9 ||    15
         Potion            |     1 |     2 |     2 ||     5
 Armour: Robe              |     2 |       |       ||     2
         Ring mail         |    18 |    31 |       ||    49
         Leather armour    |       |    55 |    80 ||   135
  Dodge: Dodged            |    40 |   103 |   138 ||   281

Table legend:
 A = Non-vault XP
 B = Vault XP
 C = Vault XP percentage of total XP
 D = Non-vault monster count
 E = Vault monster count
 F = Vault count percentage of total count
                 A         B        C        D         E       F
            +---------+---------+-------+---------+---------+-------
      Total |    3018 |     775 |  20.4 |     140 |      23 |  14.1
            +---------+---------+-------+---------+---------+-------
        D:1 |      30 |       0 |   0.0 |      19 |       0 |   0.0
        D:2 |      91 |       0 |   0.0 |      21 |       0 |   0.0
        D:3 |     160 |      40 |  20.0 |      29 |      13 |  31.0
        D:4 |     183 |     230 |  55.7 |      23 |       4 |  14.8
        D:5 |     524 |     226 |  30.1 |      11 |       2 |  15.4
        D:6 |     946 |       1 |   0.1 |      11 |       1 |   8.3
        D:7 |     896 |     255 |  22.2 |      23 |       1 |   4.2
        D:8 |     188 |      23 |  10.9 |       3 |       2 |  40.0
            +---------+---------+-------+---------+---------+-------
